[Event "CCT Chessable Masters Play-In 2025"]
[Site "Online"]
[Date "2025.02.17"]
[Round "5.16"]
[White "Yakubboev, Nodirbek"]
[Black "Bologan, Victor"]
[Result "1-0"]
[ECO "E14"]
[WhiteElo "2659"]
[BlackElo "2603"]
[PlyCount "123"]
[EventDate "2025.02.13"]
[EventType "swiss"]
[EventCountry "NET"]
[TimeControl "600"]
[WhiteClock "0:01:26"]
[BlackClock "0:00:22"]

1. d4 Nf6 2. c4 e6 3. Nf3 Bb4+ 4. Nbd2 b6 5. a3 Bxd2+ 6. Qxd2 Bb7 7. e3 O-O 8. Be2 d6 9. b4 Nbd7 10. Bb2 Ne4 11. Qc2 Ng5 12. Nd2 f5 13. O-O Ne4 14. f3 Nxd2 15. Qxd2 a5 16. c5 Nf6 17. cxb6 cxb6 18. b5 Rc8 19. Rac1 Qd7 20. a4 Rxc1 21. Rxc1 Rc8 22. Ba3 Nd5 23. Bc4 Nf6 24. Bd3 Rxc1+ 25. Qxc1 Kf7 26. h4 h6 27. Qc2 Nd5 28. e4 fxe4 29. fxe4 Nf6 30. Qf2 Kg8 31. Qf4 e5 32. dxe5 dxe5 33. Bc4+ Kh8 34. Qxe5 Qd1+ 35. Bf1 Bxe4 36. Qb8+ Kh7 37. Qxb6 Bd3 38. Qf2 Bxf1 39. Qxf1 Qxa4 40. Bb2 Qxh4 41. Bxf6 gxf6 42. Qb1+ Kg7 43. b6 Qd4+ 44. Kf1 Qf4+ 45. Ke2 Qe5+ 46. Kf3 Qd5+ 47. Kg3 Qe5+ 48. Kf2 Qd4+ 49. Ke2 Qe5+ 50. Kf3 Qd5+ 51. Qe4 Qb3+ 52. Qe3 Qd5+ 53. Kf2 a4 54. Qe7+ Kg6 55. b7 Qd4+ 56. Kf3 Qd1+ 57. Kg3 Qb3+ 58. Kh2 Qb5 59. Qc7 Qb4 60. Kh3 h5 61. Qg3+ Kf5 62. b8=Q 1-0

[Event "CCT Chessable Masters Play-In 2025"]
[Site "Online"]
[Date "2025.02.17"]
[Round "5.17"]
[White "Rozum, Ivan"]
[Black "Martirosyan, Haik M."]
[Result "0-1"]
[ECO "E15"]
[WhiteElo "2443"]
[BlackElo "2645"]
[PlyCount "148"]
[EventDate "2025.02.13"]
[EventType "swiss"]
[EventCountry "NET"]
[TimeControl "600"]
[WhiteClock "0:00:21"]
[BlackClock "0:01:02"]

1. d4 Nf6 2. Nf3 e6 3. c4 b6 4. g3 Ba6 5. b3 Bb4+ 6. Bd2 Be7 7. Bg2 d5 8. cxd5 exd5 9. O-O O-O 10. Nc3 Re8 11. Rc1 Nbd7 12. Bf4 Nf8 13. Ne5 Bb7 14. Bg5 Ne6 15. Bxf6 Bxf6 16. e3 c5 17. f4 cxd4 18. exd4 Rc8 19. Qd2 a6 20. Ne2 Qd6 21. Bh3 h5 22. Kf2 Rc7 23. Rxc7 Nxc7 24. Rc1 Rd8 25. Ng1 Ne8 26. Ngf3 Qe7 27. Kg1 Nd6 28. Qc2 Bc8 29. Bf1 Bf5 30. Qc7 Rc8 31. Qxe7 Bxe7 32. Rxc8+ Bxc8 33. Nc6 Bf8 34. Nb4 a5 35. Nc6 Bb7 36. Nce5 Be7 37. Bd3 Ne4 38. a4 f6 39. Ng6 Ba3 40. Ngh4 Kf7 41. Kf1 Bc8 42. f5 Bc1 43. Ke2 Nc3+ 44. Kf2 Bd7 45. Ng1 Bg5 46. Ne2 Nd1+ 47. Kf3 Bd2 48. Nf4 Nc3 49. Nxh5 b5 50. axb5 Nxb5 51. Bxb5 Bxb5 52. Nf4 Bc4 53. bxc4 a4 54. Ke2 a3 55. Kxd2 a2 56. Nxd5 a1=Q 57. Nf3 Qf1 58. Ke3 Qxc4 59. Nf4 Qc1+ 60. Ke4 Qb1+ 61. Ke3 Qxf5 62. Nd3 Qe6+ 63. Kd2 Qe4 64. Nde1 g5 65. h3 Qe6 66. g4 Qe4 67. Kc3 Qe2 68. Kb4 Qf1 69. Kc5 Qxh3 70. d5 Qxg4 71. d6 Qe4 72. Kb6 Ke6 73. Kc7 Qc4+ 74. Kd8 Kxd6 0-1

[Event "CCT Chessable Masters Play-In 2025"]
[Site "Online"]
[Date "2025.02.17"]
[Round "5.18"]
[White "Ivic, Velimir"]
[Black "Mikaelyan, Arman"]
[Result "0-1"]
[ECO "B30"]
[WhiteElo "2622"]
[BlackElo "2497"]
[PlyCount "76"]
[EventDate "2025.02.13"]
[EventType "swiss"]
[EventCountry "NET"]
[TimeControl "600"]
[WhiteClock "0:00:58"]
[BlackClock "0:01:22"]

1. e4 c5 2. Nf3 Nc6 3. Bb5 e6 4. O-O Nge7 5. d4 cxd4 6. Nxd4 Qb6 7. Nxc6 dxc6 8. Bd3 Ng6 9. Nd2 Qc7 10. Nc4 Be7 11. a4 O-O 12. f4 b5 13. Na3 a6 14. Kh1 Bb7 15. Qh5 Rad8 16. Be3 e5 17. f5 Nf4 18. Bxf4 exf4 19. e5 Rxd3 20. cxd3 Qxe5 21. Rae1 Qd6 22. Qf3 Qd7 23. Qxf4 Bf6 24. Nc2 c5 25. Ne3 h5 26. axb5 axb5 27. Rd1 Re8 28. Rfe1 Qc6 29. Qf1 Re5 30. Re2 Qe8 31. Rde1 Bh4 32. Nc4 Rxe2 33. Rxe2 Qd8 34. Ne5 Bf6 35. Qf4 Qd5 36. h3 c4 37. dxc4 Qd1+ 38. Kh2 Qxe2 0-1

[Event "CCT Chessable Masters Play-In 2025"]
[Site "Online"]
[Date "2025.02.17"]
[Round "5.19"]
[White "Aronian, Levon"]
[Black "Le, Quang Liem"]
[Result "0-1"]
[ECO "A22"]
[WhiteElo "2745"]
[BlackElo "2739"]
[PlyCount "172"]
[EventDate "2025.02.13"]
[EventType "swiss"]
[EventCountry "NET"]
[TimeControl "600"]

1. c4 Nf6 2. Nc3 e5 3. g3 Bc5 4. Bg2 O-O 5. d3 c6 6. Nf3 Re8 7. O-O d6 8. d4 exd4 9. Nxd4 a5 10. Bf4 a4 11. e3 Qa5 12. Qd2 Nbd7 13. Nc2 Ne5 14. b3 Bg4 15. Rab1 axb3 16. axb3 Qc7 17. Nd4 h6 18. h3 Bxh3 19. Bxe5 dxe5 20. Bxh3 exd4 21. exd4 Rad8 22. Ne2 Ne4 23. Qd3 Qe7 24. Bg2 Bb4 25. Rbd1 Nc5 26. Qf3 Qxe2 27. dxc5 Rxd1 28. Rxd1 Bxc5 29. Rd7 Qe1+ 30. Bf1 Qe6 31. Rxb7 Rd8 32. Bd3 g6 33. Kg2 Kg7 34. b4 Bd4 35. c5 Ra8 36. Qe4 Qxe4+ 37. Bxe4 Ra2 38. Bxc6 Rxf2+ 39. Kh3 Rf5 40. Rd7 Bxc5 41. bxc5 Rxc5 42. Bd5 Kf6 43. Rxf7+ Kg5 44. Bf3 Re5 45. Rf4 h5 46. Rd4 Re6 47. Rd5+ Kh6 48. Kh4 Rf6 49. Bxh5 gxh5 50. Rxh5+ Kg6 51. Rg5+ Kf7 52. g4 Ra6 53. Rf5+ Kg7 54. Rg5+ Kf7 55. Rh5 Ke7 56. Rf5 Ke6 57. Rg5 Ke7 58. Rh5 Ra8 59. Rh7+ Kf6 60. Rh6+ Kg7 61. Rh5 Kg6 62. Rg5+ Kh6 63. Rh5+ Kg7 64. Rg5+ Kf7 65. Rh5 Ke6 66. Rg5 Rf8 67. Rh5 Rg8 68. Rh6+ Kf7 69. Rh5 Kf6 70. Rf5+ Ke6 71. Rh5 Re8 72. Rg5 Kf7 73. Rh5 Kf6 74. Rf5+ Ke7 75. Rg5 Kf8 76. Rh5 Kf7 77. Rg5 Kf6 78. Rf5+ Kg6 79. Rg5+ Kf7 80. Rh5 Ke6 81. Rg5 Re7 82. Rf5 Rf7 83. Rg5 Ke7 84. Rh5 Ke8 85. Rg5 Rg7 86. Rh5 Rh7 0-1

[Event "CCT Chessable Masters Play-In 2025"]
[Site "Online"]
[Date "2025.02.17"]
[Round "5.20"]
[White "Svidler, Peter"]
[Black "Aravindh, Chithambaram VR."]
[Result "1-0"]
[ECO "A05"]
[WhiteElo "2696"]
[BlackElo "2729"]
[PlyCount "93"]
[EventDate "2025.02.13"]
[EventType "swiss"]
[EventCountry "NET"]
[TimeControl "600"]
[WhiteClock "0:00:20"]

1. Nf3 Nf6 2. g3 b6 3. Bg2 Bb7 4. d3 d5 5. O-O e6 6. e4 c5 7. e5 Nfd7 8. c4 d4 9. Re1 Be7 10. h4 Nc6 11. Bf4 h6 12. h5 g5 13. hxg6 fxg6 14. Na3 a6 15. Nc2 Qc7 16. b4 g5 17. Bd2 g4 18. Nh2 h5 19. bxc5 Nxc5 20. Bf4 O-O-O 21. Rb1 Rhg8 22. Na1 Bg5 23. Bxg5 Rxg5 24. Nb3 Na4 25. Nxd4 Nxd4 26. Qxa4 h4 27. Bxb7+ Qxb7 28. Re4 hxg3 29. fxg3 Nf5 30. Nf1 Rh5 31. Qb3 Nd4 32. Qxb6 Nf3+ 33. Kf2 Qxb6+ 34. Rxb6 Rxd3 35. Rxg4 Rxe5 36. Rg8+ Kc7 37. Rxa6 Nd4 38. Rg7+ Kb8 39. Kg2 Rd1 40. Rd6 Kc8 41. Kh3 Re2 42. c5 Ree1 43. Ra6 Kb8 44. c6 Nxc6 45. Rb6+ Kc8 46. Rxc6+ Kd8 47. Ra6 1-0

[Event "CCT Chessable Masters Play-In 2025"]
[Site "Online"]
[Date "2025.02.17"]
[Round "5.21"]
[White "Andreikin, Dmitry"]
[Black "Rustemov, Alexander"]
[Result "1-0"]
[ECO "D11"]
[WhiteElo "2695"]
[BlackElo "2525"]
[PlyCount "77"]
[EventDate "2025.02.13"]
[EventType "swiss"]
[EventCountry "NET"]
[TimeControl "600"]
[WhiteClock "0:04:40"]
[BlackClock "0:02:02"]

1. d4 d5 2. c4 c6 3. Nf3 Nf6 4. Qc2 dxc4 5. e4 b5 6. b3 cxb3 7. axb3 e6 8. Bd3 a5 9. O-O Bb7 10. Bd2 Be7 11. Rc1 h6 12. Nc3 Na6 13. e5 Nb4 14. exf6 Nxc2 15. fxe7 Qxe7 16. Rxc2 O-O 17. Ne4 c5 18. dxc5 Rfd8 19. Nd6 Bxf3 20. gxf3 a4 21. Rca2 Rxd6 22. cxd6 Qxd6 23. Bxb5 Qd5 24. bxa4 Qxf3 25. Bf1 Rd8 26. Bg2 Qe2 27. Be1 Qg4 28. h3 Qg6 29. a5 Rd5 30. a6 Rg5 31. f4 Rxg2+ 32. Rxg2 Qd3 33. Bf2 Qc3 34. Re1 Qxh3 35. a7 Qf3 36. Rg3 Qd5 37. Ra3 Qa8 38. Rb3 Kh7 39. Rb8 1-0

[Event "CCT Chessable Masters Play-In 2025"]
[Site "Online"]
[Date "2025.02.17"]
[Round "5.22"]
[White "Grischuk, Alexander"]
[Black "Paravyan, David"]
[Result "1-0"]
[ECO "D02"]
[WhiteElo "2687"]
[BlackElo "2621"]
[PlyCount "115"]
[EventDate "2025.02.13"]
[EventType "swiss"]
[EventCountry "NET"]
[TimeControl "600"]
[WhiteClock "0:00:02"]

1. d4 d5 2. Nf3 Nf6 3. Bf4 Bf5 4. e3 e6 5. Nbd2 Bd6 6. Ne5 Nbd7 7. Be2 h6 8. c4 Ne4 9. Nxe4 Bxe4 10. f3 Bh7 11. cxd5 exd5 12. Qb3 O-O 13. Qxb7 Rb8 14. Qc6 Bf5 15. Qc1 Bxe5 16. dxe5 Qh4+ 17. g3 Qe7 18. g4 Bg6 19. Qc3 Rfe8 20. Kf2 Nxe5 21. Rhd1 c6 22. Rac1 Qf6 23. b3 h5 24. g5 Qf5 25. h4 f6 26. Rg1 Kh7 27. Rg3 c5 28. Qd2 d4 29. e4 Qe6 30. Rxc5 d3 31. Bd1 Rbc8 32. Rd5 Qb6+ 33. Be3 Qc6 34. gxf6 gxf6 35. Bd4 Bf7 36. Qf4 Qe6 37. Bxe5 fxe5 38. Qe3 Rg8 39. Rg5 Rxg5 40. hxg5 Qh3 41. Rxd3 Qh2+ 42. Ke1 Qh1+ 43. Kd2 Qg2+ 44. Be2 Qh1 45. Rc3 Rd8+ 46. Rd3 Rc8 47. Rc3 Rd8+ 48. Kc2 Rd7 49. Kb2 Bg6 50. Rc2 Rf7 51. Bb5 Qh4 52. Be8 Qf4 53. Qd3 Qxf3 54. Qc4 Qf4 55. Bxf7 Qxe4 56. Qc5 Qf5 57. Rc3 Qf4 58. Qc4 1-0

[Event "CCT Chessable Masters Play-In 2025"]
[Site "Online"]
[Date "2025.02.17"]
[Round "5.23"]
[White "Alekseev, Evgeny"]
[Black "Lu, Shanglei"]
[Result "0-1"]
[ECO "B45"]
[WhiteElo "2505"]
[BlackElo "2618"]
[PlyCount "100"]
[EventDate "2025.02.13"]
[EventType "swiss"]
[EventCountry "NET"]
[TimeControl "600"]
[WhiteClock "0:01:13"]
[BlackClock "0:02:14"]

1. e4 c5 2. Nf3 e6 3. d4 cxd4 4. Nxd4 Nf6 5. Nc3 Nc6 6. Ndb5 Bc5 7. Bf4 O-O 8. Bc7 Qe7 9. Bd6 Bxd6 10. Qxd6 Qd8 11. Nc7 Rb8 12. Be2 b5 13. e5 Ne8 14. Nxe8 Rxe8 15. O-O b4 16. Ne4 Bb7 17. Qc5 Qb6 18. Qxb6 axb6 19. Nd6 Red8 20. f4 f6 21. exf6 gxf6 22. Bf3 Ba8 23. Rfd1 Kf8 24. Rd3 Ne7 25. Be2 Nd5 26. g3 Ke7 27. Nb5 Rbc8 28. Rd2 Rc5 29. Kf2 Bb7 30. a4 f5 31. Bf3 Rdc8 32. Nd4 R8c7 33. Rad1 Nf6 34. Nb5 Bxf3 35. Kxf3 Rc8 36. Nd4 Ne4 37. Rd3 d5 38. h3 h5 39. Rg1 Rg8 40. Rg2 Rc4 41. Rd1 Kf6 42. Rd3 Rc7 43. Rd1 Rc4 44. Rd3 Nc5 45. Rd1 Nxa4 46. Re2 Nc5 47. Re5 Kf7 48. Nxe6 Nxe6 49. Rxf5+ Ke7 50. Rfxd5 h4 0-1

[Event "CCT Chessable Masters Play-In 2025"]
[Site "Online"]
[Date "2025.02.17"]
[Round "5.24"]
[White "Bok, Benjamin"]
[Black "Pranav, V."]
[Result "0-1"]
[ECO "D25"]
[WhiteElo "2583"]
[BlackElo "2615"]
[PlyCount "140"]
[EventDate "2025.02.13"]
[EventType "swiss"]
[EventCountry "NET"]
[TimeControl "600"]

1. d4 d5 2. c4 dxc4 3. Nf3 Nf6 4. e3 Bg4 5. Bxc4 e6 6. h3 Bh5 7. Nc3 Nc6 8. O-O Bd6 9. Re1 O-O 10. g4 Bg6 11. e4 Bb4 12. Bg5 h6 13. Bh4 Be7 14. Bg3 Bb4 15. Bh4 Be7 16. Bg3 Na5 17. Bf1 c5 18. d5 exd5 19. exd5 Bd6 20. Ne5 a6 21. Rc1 Rc8 22. b3 b5 23. Nxg6 fxg6 24. Bxd6 Qxd6 25. Qd2 Qd8 26. d6 Rc6 27. Rcd1 Nb7 28. Ne4 Kh7 29. d7 Nxe4 30. Rxe4 Rcf6 31. Qe3 Qc7 32. Re8 Nd8 33. Rd2 c4 34. bxc4 bxc4 35. Qe7 R6f7 36. Qxf8 Rxf8 37. Rxf8 c3 38. Rc2 Qxd7 39. Rxc3 Qe7 40. Rff3 Ne6 41. Rfe3 Qd6 42. Rcd3 Qb6 43. Rd7 Nf4 44. Ree7 Qf6 45. Rxg7+ Qxg7 46. Rxg7+ Kxg7 47. Bxa6 Nxh3+ 48. Kf1 Nf4 49. a4 Kf6 50. a5 Nd5 51. Bb7 Nc7 52. a6 Nb5 53. f4 Na7 54. Kf2 h5 55. g5+ Kf5 56. Kf3 Ke6 57. Be4 Kf7 58. Ke3 Kg7 59. Kd4 h4 60. Kc5 Nc8 61. Bb7 Ne7 62. Kb6 Nf5 63. a7 Ne3 64. a8=Q Nc4+ 65. Kc5 Nd6 66. Bd5 Nf7 67. Qe8 Ne5 68. Qe7+ Nf7 69. Qf6+ Kh7 70. Qe7 Kh8 0-1

[Event "CCT Chessable Masters Play-In 2025"]
[Site "Online"]
[Date "2025.02.17"]
[Round "5.25"]
[White "Mamedov, Rauf"]
[Black "Svane, Rasmus"]
[Result "1-0"]
[ECO "C77"]
[WhiteElo "2656"]
[BlackElo "2621"]
[PlyCount "285"]
[EventDate "2025.02.13"]
[EventType "swiss"]
[EventCountry "NET"]
[TimeControl "600"]
[WhiteClock "0:00:01"]

1. e4 e5 2. Nf3 Nc6 3. Bb5 a6 4. Ba4 Nf6 5. Nc3 Be7 6. d3 d6 7. Bxc6+ bxc6 8. O-O c5 9. a3 Rb8 10. b4 cxb4 11. axb4 Rxb4 12. d4 exd4 13. Nxd4 Bd7 14. Rxa6 O-O 15. Ba3 Rb8 16. e5 dxe5 17. Nc6 Bxc6 18. Qxd8 Rfxd8 19. Bxe7 Re8 20. Bxf6 Bb7 21. Ra7 gxf6 22. Rb1 Be4 23. Rxb8 Rxb8 24. Rxc7 Bxc2 25. f3 Kg7 26. h4 h5 27. Kf2 Rb2 28. Kg3 Bd3 29. Nd1 Rd2 30. Nf2 Bg6 31. Nh3 Bf5 32. Nf2 Ra2 33. Rc5 Bg6 34. Nh3 Re2 35. Ra5 Bf5 36. Nf2 Rc2 37. Rb5 Ra2 38. Rc5 Bg6 39. Nh3 Re2 40. Rc7 Bc2 41. Ra7 Bb3 42. Ng1 Rc2 43. Nh3 Be6 44. Ra5 Re2 45. Ng1 Re1 46. Kf2 Rb1 47. Rc5 Kg6 48. Ne2 Rb2 49. Ke3 Bd7 50. f4 Bg4 51. Nc3 exf4+ 52. Kxf4 Rxg2 53. Nd5 Rf2+ 54. Ke3 Rf3+ 55. Ke4 Rh3 56. Nf4+ Kh6 57. Nxh3 Bxh3 58. Kf4 Bg4 59. Rc7 Kg6 60. Ra7 Kg7 61. Ra1 Kg6 62. Ra5 Kg7 63. Ke3 Kg6 64. Kd4 Kg7 65. Kc5 Kg6 66. Kd6 Kg7 67. Ke7 f5 68. Ra4 Kg6 69. Ra6+ Kg7 70. Rf6 Bh3 71. Rxf7+ Kg6 72. Rf6+ Kg7 73. Ke6 Bg4 74. Ke5 Bh3 75. Rb6 Bg4 76. Kf4 Kf7 77. Kg5 Ke7 78. Rf6 Kd7 79. Kf4 Ke7 80. Ke5 Bh3 81. Rh6 Bg4 82. Rh7+ Kd8 83. Kd6 Ke8 84. Re7+ Kd8 85. Re5 f4 86. Re4 f3 87. Rf4 Ke8 88. Rf6 f2 89. Rxf2 Bd1 90. Rf4 Bg4 91. Rf6 Bd1 92. Rf4 Bg4 93. Ke5 Bd1 94. Kf6 Bg4 95. Re4+ Kd7 96. Rd4+ Kc6 97. Ke5 Kc7 98. Rd6 Bf3 99. Rf6 Bg4 100. Kd5 Be2 101. Rf7+ Kd8 102. Kd6 Kc8 103. Rc7+ Kd8 104. Rd7+ Kc8 105. Re7 Bg4 106. Re8+ Kb7 107. Re4 Kb6 108. Ke5 Kc5 109. Rd4 Be2 110. Rd5+ Kc6 111. Rd2 Bg4 112. Rd6+ Kc5 113. Rg6 Kc4 114. Rg5 Kc5 115. Kf4+ Kd6 116. Rg7 Ke6 117. Kg5 Ke5 118. Rf7 Kd6 119. Rf6+ Kd5 120. Rf4 Be6 121. Rf6 Ke5 122. Rh6 Bg4 123. Rh8 Bf3 124. Re8+ Kd4 125. Rf8 Bg4 126. Rf4+ Ke3 127. Rxg4 Kd2 128. Rf4 Ke3 129. Rf5 Kd2 130. Kxh5 Kd1 131. Kg5 Ke1 132. h5 Kd1 133. h6 Kc1 134. h7 Kb2 135. h8=Q+ Kc2 136. Qh2+ Kc3 137. Rf3+ Kd4 138. Qf4+ Kd5 139. Rd3+ Kc6 140. Qd6+ Kb7 141. Rb3+ Ka7 142. Qb6+ Ka8 143. Ra3# 1-0

[Event "CCT Chessable Masters Play-In 2025"]
[Site "Online"]
[Date "2025.02.17"]
[Round "5.26"]
[White "Ter-Sahakyan, Samvel"]
[Black "Sevian, Samuel"]
[Result "0-1"]
[ECO "C96"]
[WhiteElo "2611"]
[BlackElo "2692"]
[PlyCount "74"]
[EventDate "2025.02.13"]
[EventType "swiss"]
[EventCountry "NET"]
[TimeControl "600"]
[WhiteClock "0:01:05"]
[BlackClock "0:03:39"]

1. e4 e5 2. Nf3 Nc6 3. Bb5 a6 4. Ba4 Nf6 5. O-O Be7 6. Re1 b5 7. Bb3 d6 8. c3 O-O 9. h3 Na5 10. Bc2 c5 11. d4 Nd7 12. a4 Rb8 13. axb5 axb5 14. Nbd2 exd4 15. cxd4 Nc6 16. Nf1 cxd4 17. Nxd4 Nxd4 18. Qxd4 Nc5 19. Ne3 Bf6 20. Qd1 Be6 21. Nd5 Bxd5 22. Qxd5 b4 23. Rb1 b3 24. Bd1 Re8 25. Bf4 Be5 26. Be3 Qa5 27. Be2 Bxb2 28. Bc4 Bc3 29. Red1 b2 30. Qxf7+ Kh8 31. Rxd6 Nxe4 32. Re6 Rxe6 33. Qxe6 Nd2 34. Bxd2 Bxd2 35. Qe4 Bc1 36. Bd3 Qh5 37. Be2 Re8 0-1

[Event "CCT Chessable Masters Play-In 2025"]
[Site "Online"]
[Date "2025.02.17"]
[Round "5.27"]
[White "Bharath Subramaniyam H"]
[Black "Salem, A.R. Saleh"]
[Result "1/2-1/2"]
[ECO "B12"]
[WhiteElo "2567"]
[BlackElo "2631"]
[PlyCount "95"]
[EventDate "2025.02.13"]
[EventType "swiss"]
[EventCountry "NET"]
[TimeControl "600"]
[WhiteClock "0:01:20"]
[BlackClock "0:01:26"]

1. e4 c6 2. d4 d5 3. e5 Bf5 4. g4 Be4 5. f3 Bg6 6. e6 Qd6 7. exf7+ Bxf7 8. Nc3 Nd7 9. f4 h5 10. g5 e6 11. Nf3 Ne7 12. Bh3 Bg6 13. Nh4 Bf5 14. Bxf5 Nxf5 15. Nxf5 exf5 16. O-O Kf7 17. Nb1 c5 18. Be3 Re8 19. dxc5 Qc6 20. Bf2 Bxc5 21. Nc3 Nb6 22. Qd3 g6 23. Rae1 Nc4 24. Qxd5+ Qxd5 25. Nxd5 b6 26. Bxc5 bxc5 27. Nf6 Rxe1 28. Rxe1 Rd8 29. b3 Na3 30. c4 Rd2 31. Nd5 Nc2 32. Re7+ Kf8 33. Rxa7 Nd4 34. Ra8+ Kf7 35. Ra7+ Kf8 36. Kf1 Nf3 37. Ra8+ Kf7 38. Ra7+ Kf8 39. h3 Nh2+ 40. Ke1 Nf3+ 41. Kf1 h4 42. Ra8+ Kf7 43. Ra7+ Kf8 44. Ne7 Nh2+ 45. Ke1 Nf3+ 46. Kf1 Nh2+ 47. Ke1 Nf3+ 48. Kf1 1/2-1/2

[Event "CCT Chessable Masters Play-In 2025"]
[Site "Online"]
[Date "2025.02.17"]
[Round "5.28"]
[White "Rakhmanov, Aleksandr"]
[Black "Puranik, Abhimanyu"]
[Result "1/2-1/2"]
[ECO "A20"]
[WhiteElo "2585"]
[BlackElo "2636"]
[PlyCount "81"]
[EventDate "2025.02.13"]
[EventType "swiss"]
[EventCountry "NET"]
[TimeControl "600"]
[WhiteClock "0:00:46"]
[BlackClock "0:01:54"]

1. c4 e5 2. Nf3 Nc6 3. d4 exd4 4. Nxd4 Nf6 5. Nxc6 bxc6 6. g3 Bb4+ 7. Bd2 Qe7 8. Bg2 O-O 9. O-O Bxd2 10. Qxd2 a5 11. Nc3 a4 12. Rac1 Re8 13. Rfd1 h6 14. e4 Qb4 15. Re1 Ng4 16. a3 Qc5 17. Na2 d6 18. Nb4 Ne5 19. Rc3 Be6 20. Qc1 Nxc4 21. Bf1 d5 22. exd5 cxd5 23. Nxd5 Bxd5 24. Rxe8+ Rxe8 25. Bxc4 Bxc4 26. Rxc4 Qa5 27. Rc3 Re2 28. Re3 Rd2 29. Qc6 Qf5 30. Rf3 Qe6 31. Qxe6 fxe6 32. Rf4 Rxb2 33. Rxa4 Ra2 34. Ra7 c5 35. Rc7 Rxa3 36. Rxc5 Kf7 37. h4 Kf6 38. Kg2 g6 39. Rb5 h5 40. Rc5 e5 41. Rc8 1/2-1/2

[Event "CCT Chessable Masters Play-In 2025"]
[Site "Online"]
[Date "2025.02.17"]
[Round "5.29"]
[White "Ponomariov, Ruslan"]
[Black "Santos Latasa, Jaime"]
[Result "1/2-1/2"]
[ECO "B40"]
[WhiteElo "2628"]
[BlackElo "2631"]
[PlyCount "92"]
[EventDate "2025.02.13"]
[EventType "swiss"]
[EventCountry "NET"]
[TimeControl "600"]
[WhiteClock "0:07:03"]
[BlackClock "0:03:27"]

1. e4 c5 2. Nf3 e6 3. c3 Nf6 4. Bd3 d5 5. e5 Nfd7 6. Bc2 c4 7. O-O Nc6 8. Re1 Qc7 9. Qe2 g5 10. Nxg5 Qxe5 11. d4 cxd3 12. Bxd3 Qxe2 13. Rxe2 Be7 14. Na3 a6 15. Bf4 e5 16. Bd2 h6 17. Nh3 Nc5 18. Bc2 Be6 19. b4 Nd7 20. f4 Bg4 21. Ree1 e4 22. Nf2 Be6 23. Bb3 f5 24. Nc2 Kf7 25. Be3 a5 26. a3 Bf6 27. b5 a4 28. Ba2 Na5 29. Nd4 Nb3 30. Rad1 Nxd4 31. Bxd4 Rhc8 32. g4 Bxd4 33. Rxd4 Nb6 34. gxf5 Bxf5 35. Bxd5+ Nxd5 36. Rxd5 Be6 37. Re5 Rxc3 38. Nxe4 Rg8+ 39. Kf2 Rc2+ 40. Re2 Rxe2+ 41. Kxe2 Rg2+ 42. Kf3 Rxh2 43. Nd6+ Kf6 44. Ne4+ Kf7 45. Nd6+ Kf6 46. Ne4+ Kf7 1/2-1/2

[Event "CCT Chessable Masters Play-In 2025"]
[Site "Online"]
[Date "2025.02.17"]
[Round "5.30"]
[White "Theodorou, Nikolas"]
[Black "Bjerre, Jonas Buhl"]
[Result "1-0"]
[ECO "B20"]
[WhiteElo "2611"]
[BlackElo "2640"]
[PlyCount "57"]
[EventDate "2025.02.13"]
[EventType "swiss"]
[EventCountry "NET"]
[TimeControl "600"]
[WhiteClock "0:01:20"]
[BlackClock "0:00:48"]

1. e4 c5 2. b4 b6 3. bxc5 bxc5 4. Nc3 g6 5. Nf3 Bg7 6. Rb1 d6 7. Bc4 Nf6 8. e5 dxe5 9. Nxe5 Qd4 10. Bxf7+ Kf8 11. Nf3 Qf4 12. d3 Qd6 13. Bc4 Nc6 14. O-O Bg4 15. h3 Bh5 16. g4 Nxg4 17. hxg4 Bxg4 18. Ne4 Qd7 19. Nxc5 Qc8 20. Bd5 Nd4 21. Be3 Bh5 22. Nxd4 Bxd1 23. Nde6+ Kf7 24. Rfxd1 Be5 25. Rb7 Rb8 26. Ng5+ Kf8 27. Nd7+ Ke8 28. Bf7+ Kd8 29. Ne6# 1-0

[Event "CCT Chessable Masters Play-In 2025"]
[Site "Online"]
[Date "2025.02.17"]
[Round "5.31"]
[White "Vaishali, Rameshbabu"]
[Black "Bluebaum, Matthias"]
[Result "0-1"]
[ECO "E01"]
[WhiteElo "2476"]
[BlackElo "2643"]
[PlyCount "74"]
[EventDate "2025.02.13"]
[EventType "swiss"]
[EventCountry "NET"]
[TimeControl "600"]
[WhiteClock "0:00:21"]
[BlackClock "0:03:54"]

1. c4 e6 2. g3 d5 3. Bg2 Nf6 4. Nf3 Nc6 5. O-O Bd6 6. d4 O-O 7. b3 dxc4 8. bxc4 e5 9. e3 Bg4 10. h3 Bh5 11. g4 Bg6 12. c5 Be7 13. Nxe5 Nxe5 14. dxe5 Bd3 15. Re1 Ne4 16. Nd2 Nxc5 17. Nb3 Ba6 18. Nxc5 Bxc5 19. Qc2 Qe7 20. Bb2 Rad8 21. Red1 c6 22. a4 h6 23. Be4 Bb6 24. Kg2 Qe6 25. Rxd8 Rxd8 26. Rd1 Rxd1 27. Qxd1 Bc4 28. f4 Bb3 29. Qd3 Bxa4 30. Bc3 Bb5 31. Qd2 Qc4 32. Bd4 c5 33. e6 cxd4 34. exf7+ Qxf7 35. exd4 Qc4 36. Bf3 Qxd4 37. Qe1 Qe3 0-1

[Event "CCT Chessable Masters Play-In 2025"]
[Site "Online"]
[Date "2025.02.17"]
[Round "5.32"]
[White "Kuzubov, Yuriy"]
[Black "Gholami Orimi, Mahdi"]
[Result "1-0"]
[ECO "D38"]
[WhiteElo "2597"]
[BlackElo "2509"]
[PlyCount "103"]
[EventDate "2025.02.13"]
[EventType "swiss"]
[EventCountry "NET"]
[TimeControl "600"]
[WhiteClock "0:01:16"]
[BlackClock "0:01:24"]

1. d4 Nf6 2. Nf3 d5 3. c4 e6 4. Nc3 Bb4 5. Bg5 h6 6. Bxf6 Qxf6 7. e3 O-O 8. Rc1 dxc4 9. Bxc4 c5 10. dxc5 Nd7 11. c6 bxc6 12. Qc2 Ne5 13. Nxe5 Qxe5 14. a3 Bd6 15. Ne4 Bc7 16. Be2 Rb8 17. b4 Bb7 18. Nc5 Rfd8 19. g3 Bc8 20. O-O Bb6 21. Bf3 Qc7 22. Rfd1 Bb7 23. Kg2 Qe7 24. h4 Ba8 25. Nb3 Rdc8 26. h5 Bb7 27. Nc5 Rd8 28. Nxb7 Qxb7 29. b5 Qe7 30. bxc6 Rxd1 31. Rxd1 Qxa3 32. c7 Rc8 33. Bb7 Rxc7 34. Rd8+ Qf8 35. Rxf8+ Kxf8 36. Qe4 Rc5 37. g4 Ke7 38. Qh7 Kf6 39. f4 Rb5 40. Be4 Bxe3 41. Kf3 Bc1 42. Bd3 Rb4 43. f5 e5 44. Qg8 Rd4 45. Be4 Ba3 46. g5+ hxg5 47. h6 g4+ 48. Kg3 Rxe4 49. Qxg7+ Kxf5 50. Qh7+ Kg5 51. Qxe4 f5 52. Qxe5 1-0

[Event "CCT Chessable Masters Play-In 2025"]
[Site "Online"]
[Date "2025.02.17"]
[Round "5.33"]
[White "Volokitin, Andrei"]
[Black "Vidit, Santosh Gujrathi"]
[Result "1-0"]
[ECO "B80"]
[WhiteElo "2643"]
[BlackElo "2721"]
[PlyCount "55"]
[EventDate "2025.02.13"]
[EventType "swiss"]
[EventCountry "NET"]
[TimeControl "600"]
[WhiteClock "0:02:45"]
[BlackClock "0:05:51"]

1. e4 c5 2. Nf3 d6 3. d4 cxd4 4. Nxd4 Nf6 5. Nc3 a6 6. Be3 e6 7. a4 Be7 8. g4 h5 9. gxh5 Rxh5 10. h4 Nbd7 11. Be2 Rh8 12. h5 Nc5 13. Bf3 Qa5 14. Bd2 Qc7 15. Qe2 b6 16. e5 dxe5 17. Ndb5 axb5 18. Nxb5 Qb8 19. Bxa8 e4 20. Bc6+ Kf8 21. O-O-O Nxa4 22. h6 g6 23. h7 Rxh7 24. Rxh7 Nxh7 25. Qxe4 Nc5 26. Qe3 Bb7 27. Qh6+ Kg8 28. Rh1 1-0

[Event "CCT Chessable Masters Play-In 2025"]
[Site "Online"]
[Date "2025.02.17"]
[Round "5.34"]
[White "Kravtsiv, Martyn"]
[Black "Ding, Liren"]
[Result "1-0"]
[ECO "B23"]
[WhiteElo "2598"]
[BlackElo "2734"]
[PlyCount "91"]
[EventDate "2025.02.13"]
[EventType "swiss"]
[EventCountry "NET"]
[TimeControl "600"]
[WhiteClock "0:00:50"]
[BlackClock "0:00:20"]

1. e4 c5 2. Nc3 d6 3. f4 g6 4. Nf3 Bg7 5. Bb5+ Bd7 6. Bc4 Nc6 7. d3 Na5 8. Bd2 e6 9. Qe2 Ne7 10. Bb5 Nac6 11. e5 d5 12. Bxc6 Bxc6 13. Qf2 Qb6 14. Rb1 d4 15. Ne4 Bxe4 16. dxe4 Qa6 17. b4 b6 18. bxc5 bxc5 19. Qe2 Qc6 20. Qb5 O-O 21. Qxc6 Nxc6 22. Ke2 Rfb8 23. Kd3 Bf8 24. Kc4 Rb6 25. Rxb6 axb6 26. Kb5 Nb4 27. Bxb4 cxb4 28. Kxb6 Rxa2 29. Nxd4 b3 30. cxb3 Rxg2 31. f5 Rd2 32. Nc6 Rb2 33. fxe6 fxe6 34. Kc7 Rxb3 35. Kd7 Re3 36. Kxe6 Rxe4 37. Rd1 Kg7 38. Rd7+ Kh6 39. Rf7 Ba3 40. Rf3 Bb2 41. Kd5 Re2 42. e6 Rd2+ 43. Kc5 Rc2+ 44. Kb5 Re2 45. e7 Kg7 46. Rf2 1-0